 Dungeon Crawl Stone Soup version 0.21.1-1-g345015f (webtiles) character file.

20137 inc the Unseen (level 12, -2/63 HPs)
             Began as a Felid Enchanter on Mar 5, 2018.
             Was an Elder of Elyvilon.
             Slain by a wolf spider (24 damage)
             ... on level 4 of the Lair of Beasts.
             The game lasted 00:49:54 (18687 turns).

inc the Unseen (Felid Enchanter)                   Turns: 18687, Time: 00:49:55

Health: -2/63      AC:  3    Str:  4    XL:     12   Next: 42%
Magic:  16/20      EV: 24    Int: 22    God:    Elyvilon [****..]
Gold:   861        SH:  0    Dex: 16    Spells: 6/15 levels left
                                        Lives:  0   Deaths: 3

rFire    . . .     SeeInvis +     - Unarmed
rCold    + + +     Gourm    .   (shield unavailable)
rNeg     . . .     Faith    +   (armour unavailable)
rPois    +         Spirit   .   (helmet unavailable)
rElec    .         Reflect  .   (cloak unavailable)
rCorr    .         Harm     .   (gloves unavailable)
MR       +....                  (boots unavailable)
Stlth    ++++++....             q - amulet of faith
HPRegen  0.20/turn              J - ring of protection from cold
MPRegen  0.17/turn              e - +2 ring of slaying

@: quick
A: very small, no armour, no weapons or thrown items, stealth, claws 1, fangs 3,
see invisible, carnivore, cold resistance 1, speed 1, poison resistance, robust
1, shaggy fur 3, slow metabolism 1, wild magic 1, sharp paws
a: Lesser Healing, Heal Other, Purification, Greater Healing, Divine Protection,
Renounce Religion


You were on level 4 of the Lair of Beasts.
You worshipped Elyvilon.
Elyvilon was greatly pleased with you.
You were not hungry.

You visited 3 branches of the dungeon, and saw 16 of its levels.
You also visited: Labyrinth and Ice Cave.

You collected 861 gold pieces.

Inventory:

Jewellery
 d - a +1 ring of protection {unknown}
 e - a +2 ring of slaying (right paw)
 l - an uncursed ring of stealth
 m - an uncursed ring of see invisible
 q - an amulet of faith (around neck)
 t - an uncursed ring of loudness
 F - the ring "Oxze" {Fire MR- Int+4 Dex+4}
   (You found it in a labyrinth)

   [ring of fire]

   It enhances your fire magic.
   It affects your intelligence (+4).
   It affects your dexterity (+4).
   It protects you from fire.
   It makes you vulnerable to cold.
   It affects your resistance to hostile enchantments.
 G - an uncursed amulet of rage
 J - a ring of protection from cold (left paw)
 L - an uncursed ring of fire
Wands
 p - a wand of iceblast (11)
 u - a wand of disintegration (15)
 z - a wand of polymorph (15)
 C - a wand of acid (8)
Scrolls
 c - 2 scrolls of enchant armour
 h - 3 scrolls of fear
 j - a scroll of blinking
 o - 6 scrolls of remove curse
 v - 5 scrolls of magic mapping
 w - 5 scrolls of teleportation
 y - 2 scrolls of random uselessness
 D - 2 scrolls of vulnerability
 M - a scroll of identify
Potions
 f - a potion of flight
 g - 3 potions of mutation
 i - 2 potions of degeneration
 k - 4 potions of might
 n - 2 potions of ambrosia
 r - a potion of cancellation
 x - a potion of brilliance
 A - a potion of heal wounds
 E - a potion of lignification
 N - 2 potions of magic
 P - 2 potions of resistance
Books
 a - a book of Maledictions

   Spells                             Type                      Level
   a - Corona                         Hexes                        1
   b - Ensorcelled Hibernation        Hexes/Ice                    2
   c - Confuse                        Hexes                        3
   d - Tukima's Dance                 Hexes                        3
   e - Dazzling Spray                 Conjuration/Hexes            3
 s - a book of Air

   Spells                             Type                      Level
   a - Shock                          Conjuration/Air              1
   b - Swiftness                      Charms/Air                   2
   c - Static Discharge               Conjuration/Air              3
   d - Airstrike                      Air                          4
   e - Lightning Bolt                 Conjuration/Air              5
 B - a book of Cantrips

   Spells                             Type                      Level
   a - Confusing Touch                Hexes                        1
   b - Animate Skeleton               Necromancy                   1
   c - Summon Small Mammal            Summoning                    1
   d - Apportation                    Translocation                1
 I - a book of Changes

   Spells                             Type                      Level
   a - Beastly Appendage              Transmutation                1
   b - Sticks to Snakes               Transmutation                2
   c - Spider Form                    Transmutation/Poison         3
   d - Ice Form                       Ice/Transmutation            4
   e - Blade Hands                    Transmutation                5
 K - a book of Minor Magic

   Spells                             Type                      Level
   a - Magic Dart                     Conjuration                  1
   b - Blink                          Translocation                2
   c - Call Imp                       Summoning                    2
   d - Slow                           Hexes                        2
   e - Conjure Flame                  Conjuration/Fire             3
   f - Mephitic Cloud                 Conjuration/Poison/Air       3
 O - a book of Misfortune

   Spells                             Type                      Level
   a - Confusing Touch                Hexes                        1
   b - Confuse                        Hexes                        3
   c - Gell's Gravitas                Translocation                3
   d - Petrify                        Transmutation/Earth          4
   e - Metabolic Englaciation         Hexes/Ice                    5
   f - Yara's Violent Unravelling     Hexes/Transmutation          5
Miscellaneous
 H - a lamp of fire
Comestibles
 b - 20 rations


   Skills:
 + Level 9.9 Fighting
 - Level 8.1 Dodging
 - Level 15.2 Stealth
 - Level 8.0 Unarmed Combat
 - Level 2.0 Spellcasting
 - Level 12.6 Hexes
 - Level 4.8 Ice Magic
 - Level 10.1 Invocations


You had 6 spell levels left.
You knew the following spells:

 Your Spells              Type           Power        Failure   Level  Hunger
a - Corona                Hex            ######.      1%          1    #......
b - Ensorcelled Hibernat  Hex/Ice        ######       1%          2    ##.....
c - Confuse               Hex            ######..     1%          3    ###....
d - Confusing Touch       Hex            ######       1%          1    #......
e - Swiftness             Chrm/Air       #.......     28%         2    ##.....


Dungeon Overview and Level Annotations

Branches:
Dungeon (11/15)            Temple (1/1) D:7            Lair (4/6) D:10
 Shoals (0/4) Lair:2       Spider (0/4) Lair:4          Orc (0/2) D:9

Altars:
Ashenzari
Cheibriados
Dithmenos
Elyvilon
Fedhas
Gozag
Hepliaklqana
Kikubaaqudgha
Makhleb
Nemelex Xobeh
Okawaru
Qazlal
Ru
Sif Muna
Trog
Uskayaw
Vehumet
Wu Jian
Xom
Yredelemnul
Zin
The Shining One

Shops:
D:6 =

Annotations:
D:6 Anonimus's ghost, novice GnFi
D:8 5 transporters
Lair:4 exclusion: oklob plant


Innate Abilities, Weirdness & Mutations

You cannot wear armour.
You are incapable of wielding weapons or throwing items.
Your paws allow you to move quietly. (Stealth)
You have sharp claws.
You have razor-sharp teeth.
You have supernaturally acute eyesight. (SInv)
You are carnivorous and can eat meat at any time.
You cover ground quickly.
Your thick and shaggy fur keeps you warm. (AC +3, rC+)
You have a slow metabolism.
Your sharp claws are effective at attacking unaware monsters.
Your flesh is cold resistant. (rC+)
Your system is resistant to poisons. (rPois)
You are robust. (+10% HP)
Your spells are a little harder to cast, but a little more powerful.


Message History

The wolf spider hisses angrily.
Casting: Ensorcelled Hibernation
Confirm with . or Enter, or press ? or * to list all spells.
Aiming: Ensorcelled Hibernation
Press: ? - help, Shift-Dir - straight line, f - redback
Aim: a redback (chance to defeat MR: 72%)
The redback looks drowsy...
The wolf spider hits you! The wolf spider barely misses you.
The helpless redback fails to defend itself.
You eviscerate the redback!!!!
You kill the redback!
The redback bites you! The wolf spider hits you! The wolf spider bites you.
Casting: Ensorcelled Hibernation
Confirm with . or Enter, or press ? or * to list all spells.
Aiming: Ensorcelled Hibernation
Press: ? - help, Shift-Dir - straight line, f - redback
Aim: a redback (chance to defeat MR: 72%)
The redback looks drowsy...
The wolf spider misses you. x2
The wolf spider hits you!!
You die...

## ###.########## #
##...##..#.##.######
##.s>s#..............
##...@.##.....#P####P#
#.....##.....P#### ###
##..^.##.#.....##.##### .
#.^^..#..............## ##.
##^..####.#.....#.....##
#...##...##..##.....#.#....##
#.......##.## ##.....##..P###
.#......#...####..<.#.#.#####
.......†.....P#......##..#.#.


You could see a wolf spider and a redback (sleeping).

Vanquished Creatures
  A frost giant (IceCv)
  A minotaur (Lab)
  Harold (Lair:3)
  Erica (Lair:2)
  2 two-headed ogres
  A death yak (Lair:3)
  Pikel (D:6)
  A merfolk siren (Lair:2)
  Joseph (D:7)
  An ice statue (IceCv)
  7 spiny frogs
  13 komodo dragons
  3 rime drakes
  A troll (D:10)
  A jumping spider (Lair:4)
  16 polar bears
  7 blink frogs
  6 hippogriffs
  2 spriggans
  A redback (Lair:4)
  A wyvern (Lair:3)
  2 basilisks
  13 yaks (IceCv)
  3 wargs (D:9)
  4 water moccasins
  8 porcupines
  2 sky beasts
  A slave (D:6)
  A phantom (D:5)
  An orc warrior (D:8)
  8 ogres
  13 wolves
  2 centaurs
  7 crocodiles
  11 bullfrogs
  A water moccasin zombie (D:7)
  12 killer bees
  4 scorpions
  4 wights (D:8)
  A bullfrog zombie (D:6)
  A crimson imp (D:5)
  3 jellies
  A quasit (D:6)
  A centaur zombie (D:6)
  An orc priest (D:3)
  A hound (D:6)
  A bullfrog skeleton (D:8)
  A centaur skeleton (D:8)
  3 orc wizards
  Ijyb (D:3)
  Terence (D:2)
  12 iguanas
  9 worker ants
  3 gnolls (D:3)
  7 adders
  3 shadow imps
  An ooze (D:2)
  An adder skeleton (D:2)
  A worm (D:2)
  2 dart slugs
  6 leopard geckos
  17 orcs
  A ball python (D:5)
  7 bats
  8 giant cockroaches
  11 goblins
  6 hobgoblins
  9 jackals
  9 quokkas
  8 frilled lizards
  A jackal skeleton (D:3)
  A jackal zombie (D:8)
  11 kobolds
  A quokka skeleton (D:5)
  11 rats
328 creatures vanquished.

Vanquished Creatures (others)
  A warg (D:9)
  2 slaves (D:7)
  A big kobold (D:7)
  A kobold (D:6)
  A fungus (Lair:3)
  4 plants
10 creatures vanquished.

Grand Total: 338 creatures vanquished

Notes
Turn   | Place    | Note
-------+----------+-------------------------------------------
     0 | D:1      | inc the Felid Enchanter began the quest for the Orb.
     0 | D:1      | Reached XP level 1. HP: 7/7 MP: 4/4
   320 | D:1      | Reached XP level 2. HP: 4/11 MP: 1/6
   328 | D:1      | Learned a level 2 spell: Ensorcelled Hibernation
   808 | D:1      | Reached skill level 1 in Ice Magic
  1511 | D:2      | Reached XP level 3. HP: 14/14 MP: 7/7
  1971 | D:2      | Reached skill level 5 in Stealth
  2008 | D:2      | Reached XP level 4. HP: 18/18 MP: 2/8
  2605 | D:2      | Reached skill level 6 in Stealth
  2689 | D:2      | Found a faded altar of an unknown god.
  2706 | D:2      | Noticed Terence
  2751 | D:2      | Killed Terence
  3177 | D:3      | Found an iron altar of Okawaru.
  3195 | D:3      | Reached XP level 5. HP: 21/21 MP: 9/9
  3291 | D:3      | Reached skill level 7 in Stealth
  3677 | D:3      | Noticed Ijyb
  3720 | D:3      | Killed Ijyb
  4257 | D:3      | Reached skill level 8 in Stealth
  4701 | D:4      | Gained mutation: You are covered in thick fur. (AC +2) [Felid growth]
  4701 | D:4      | Reached XP level 6. HP: 24/24 MP: 7/10
  4794 | D:4      | Reached skill level 9 in Stealth
  5057 | D:5      | Entered Level 5 of the Dungeon
  5082 | D:5      | Found a hide-covered altar of Uskayaw.
  5845 | D:6      | Reached XP level 7. HP: 27/27 MP: 11/11
  6151 | D:6      | Noticed Anonimus's ghost (novice GnFi)
  6230 | D:6      | Reached skill level 5 in Unarmed Combat
  6859 | D:6      | Learned a level 3 spell: Confuse
  6884 | D:7      | Noticed Joseph
  6911 | D:7      | Reached skill level 5 in Hexes
  6934 | D:7      | Noticed Pikel
  6940 | D:7      | Noticed a five-headed hydra
  7254 | D:7      | Found a staircase to the Ecumenical Temple.
  7258 | Temple   | Entered the Ecumenical Temple
  7298 | Temple   | Became a worshipper of Elyvilon the Healer
  7434 | D:6      | Found Hezuacwa's Jewellery Boutique.
  7447 | D:6      | Gained mutation: You are frail. (-10% HP) [potion of mutation]
  7447 | D:6      | Gained mutation: Your body sometimes deteriorates upon taking damage. [potion of mutation]
  7447 | D:6      | Gained mutation: Your spells are a little harder to cast, but a little more powerful. [potion of mutation]
  7448 | D:6      | Lost mutation: Your spells are a little harder to cast, but a little more powerful. [potion of mutation]
  7448 | D:6      | Lost mutation: Your body sometimes deteriorates upon taking damage. [potion of mutation]
  7448 | D:6      | Lost mutation: You are frail. (-10% HP) [potion of mutation]
  7448 | D:6      | Gained mutation: Your system is resistant to poisons. (rPois) [potion of mutation]
  7448 | D:6      | Gained mutation: Your spells are a little harder to cast, but a little more powerful. [potion of mutation]
  7448 | D:6      | Gained mutation: Your flesh is cold resistant. (rC+) [potion of mutation]
  7448 | D:6      | Gained mutation: You are robust. (+10% HP) [potion of mutation]
  7652 | D:6      | Reached XP level 8. HP: 34/34 MP: 9/12
  7710 | D:6      | Killed Pikel
  8447 | D:8      | Noticed a hippogriff
  8450 | D:8      | Killed a hippogriff
  8465 | D:8      | Reached * piety under Elyvilon
  8573 | D:8      | Reached XP level 9. HP: 32/37 MP: 13/13
  8876 | D:8      | Reached skill level 5 in Invocations
  9037 | D:8      | Noticed a two-headed ogre
  9718 | D:7      | Killed Joseph
 10058 | D:8      | Noticed a two-headed ogre
 10378 | D:8      | Reached ** piety under Elyvilon
 10452 | D:8      | Slain by a wight
 10453 | D:8      | Reached XP level 8. HP: 0/34 MP: 4/15
 10794 | D:8      | Killed a two-headed ogre
 10794 | D:8      | Reached XP level 9. HP: 12/37 MP: 12/17
 11160 | D:8      | Reached skill level 10 in Invocations
 11181 | D:8      | Found a transporter.
 11191 | D:8      | Found a transporter.
 11191 | D:8      | Found a transporter.
 11191 | D:8      | Found a transporter.
 11191 | D:8      | Found a transporter.
 11194 | D:8      | Found a transporter.
 11195 | D:8      | Noticed a cyclops
 11196 | D:8      | Hit by a large rock thrown by a cyclops
 11197 | D:8      | Reached XP level 8. HP: -3/34 MP: 16/16
 11567 | D:9      | Found a staircase to the Orcish Mines.
 11823 | D:9      | Reached *** piety under Elyvilon
 11922 | D:9      | Reached skill level 1 in Fighting
 12166 | D:9      | Found a deep blue altar of Sif Muna.
 12219 | D:9      | Reached **** piety under Elyvilon
 12341 | D:9      | Reached XP level 9. HP: 21/41 MP: 7/17
 12651 | D:10     | Entered Level 10 of the Dungeon
 12989 | D:10     | Noticed a two-headed ogre
 13013 | D:10     | Killed a two-headed ogre
 13237 | D:10     | Noticed a troll
 13237 | D:10     | Found a staircase to the Lair.
 13238 | D:10     | Noticed a komodo dragon
 13257 | D:10     | Killed a troll
 13278 | D:10     | Killed a komodo dragon
 13278 | D:10     | Reached skill level 5 in Dodging
 13608 | D:11     | Noticed a two-headed ogre
 13715 | Lair:1   | Entered Level 1 of the Lair of Beasts
 13717 | Lair:1   | Reached XP level 10. HP: 49/49 MP: 18/18
 13726 | Lair:1   | Found a labyrinth entrance.
 13745 | Lab      | Entered a labyrinth
 13805 | Lab      | Noticed a minotaur
 13843 | Lab      | Killed a minotaur
 13858 | Lab      | Got a heavily runed steel ring
 13862 | Lair:1   | Noticed an eight-headed hydra
 13878 | Lair:1   | Pacified an eight-headed hydra
 14144 | Lair:1   | Reached skill level 10 in Hexes
 14224 | Lair:1   | Noticed a spiny frog
 14232 | Lair:1   | Killed a spiny frog
 14245 | Lair:1   | Learned a level 1 spell: Confusing Touch
 14326 | Lair:1   | Identified the ring "Oxze" {Fire MR- Int+4 Dex+4} (You found it in a labyrinth)
 14476 | Lair:2   | Reached ***** piety under Elyvilon
 14510 | Lair:2   | Reached XP level 11. HP: 52/52 MP: 14/19
 14562 | Lair:2   | Found a staircase to the Shoals.
 14633 | Lair:2   | Reached skill level 10 in Stealth
 14658 | Lair:2   | Noticed Erica
 14834 | Lair:2   | Reached skill level 11 in Stealth
 14840 | Lair:2   | Killed Erica
 14925 | Lair:2   | Reached skill level 12 in Stealth
 14999 | Lair:2   | Found a frozen archway.
 15007 | IceCv    | Entered an ice cave
 15156 | IceCv    | Reached skill level 13 in Stealth
 15163 | IceCv    | Slain by a polar bear
 15164 | IceCv    | Reached XP level 10. HP: 0/73 MP: 6/18
 15186 | IceCv    | Noticed a frost giant
 15398 | IceCv    | Killed a frost giant
 15398 | IceCv    | Reached skill level 14 in Stealth
 15398 | IceCv    | Reached XP level 11. HP: 32/52 MP: 0/19
 15547 | IceCv    | Reached skill level 15 in Stealth
 17311 | Lair:3   | Noticed a six-headed hydra
 17332 | Lair:3   | Pacified a six-headed hydra
 17524 | Lair:3   | Gained mutation: Your thick and shaggy fur keeps you warm. (AC +3, rC+) [Felid growth]
 17524 | Lair:3   | Reached XP level 12. HP: 58/60 MP: 4/20
 17528 | Lair:3   | Learned a level 2 spell: Swiftness
 17563 | Lair:3   | Noticed a six-headed hydra
 17564 | Lair:3   | Noticed a death yak
 17736 | Lair:3   | Pacified a six-headed hydra
 17912 | Lair:3   | Killed a death yak
 17957 | Lair:3   | Noticed Harold
 17965 | Lair:3   | Killed Harold
 18588 | Lair:4   | Found a hole to the Spider Nest.
 18609 | Lair:4   | Noticed a seven-headed hydra
 18687 | Lair:4   | Slain by a wolf spider

Skill      XL: |  1  2  3  4  5  6  7  8  9 10 11 12 |
---------------+-------------------------------------+-----
Unarmed Combat | 2 3 5 8 |  8.0
Ice Magic      | 1 2 4 |  4.8
Stealth        | 5 6 8 9 14 15 | 15.2
Hexes          | 5 8 11 12 | 12.6
Invocations    | 9 10 | 10.1
Fighting       | 3 6 8 9 |  9.9
Dodging        | 5 8 |  8.1
Spellcasting   | |  2.0

Action                   |  1- 3 |  4- 6 |  7- 9 | 10-12 || total
-------------------------+-------+-------+-------+-------++-------
Melee: Unarmed           |    83 |   133 |   219 |   283 ||   718
       Bite              |     3 |     6 |    16 |    23 ||    48
       Punch             |       |       |     3 |    11 ||    14
 Cast: Corona            |     8 |     4 |     3 |     1 ||    16
       Ensorcelled Hiber |    30 |    75 |   151 |    98 ||   354
       Confuse           |       |       |    26 |    40 ||    66
       Confusing Touch   |       |       |       |     2 ||     2
Invok: Heal Other        |       |       |     1 |     3 ||     4
       Greater Healing   |       |       |       |    10 ||    10
       Lesser Healing    |       |       |       |     6 ||     6
       Purification      |       |       |       |     1 ||     1
Evoke: Wand              |       |       |     1 |       ||     1
  Use: Scroll            |       |     6 |     2 |    19 ||    27
       Potion            |       |       |     5 |     4 ||     9
 Stab: Sleeping          |    20 |    54 |    94 |    95 ||   263
       Distracted        |     1 |     1 |       |     1 ||     3
       Confused          |       |       |    13 |    34 ||    47
  Eat: Chunk             |     7 |    10 |    34 |    26 ||    77
       Ration            |       |       |     1 |     1 ||     2
Armor: Skin              |     7 |    13 |    18 |     8 ||    46
Dodge: Dodged            |   114 |   127 |   202 |   264 ||   707
